NCAA
WASHINGTON STATE COUGARS @ CLEMSON TIGERS
05/10/2024
 
TOP OF THE 1ST
Washington State Cougars batting - Pitching for Clemson Tigers : LHP Ken Johnston
Pitching: LHP Ken Johnston
Batting: LHB Roberto Lozano 0-0: Ball
1-0: Foul Ball, location: 2F
1-1: Fly out, F8 (Line Drive, 8LM)
Batting: RHB Jayson Clark 0-0: Ball
1-0: Called Strike
1-1: Called Strike
1-2: Strikes out swinging
Batting: RHB José Velázquez 0-0: Ball
1-0: Ball
2-0: Foul Ball, location: 2F
2-1: Called Strike
2-2: Strikes out swinging
Top of the 1st over - 0 run(s), 0 hit(s), 0 error(s), 0 left on base; Washington State 0 - Clemson 0
BOTTOM OF THE 1ST
Clemson Tigers batting - Pitching for Washington State Cougars : RHP Jesús López
Pitching: RHP Jesús López
Batting: RHB Pablo Valentín 0-0: Called Strike
0-1: Ball
1-1: Foul Ball, location: 2F
1-2: Foul Ball, location: 2F
1-2: Ball
2-2: Ball
3-2: Foul Ball, location: 2F
3-2: Base on Balls
Batting: RHB James Taylor 0-0: Ball
1-0: Ball
2-0: Fly out, F7 (Flyball, 78S)
Batting: RHB Jonathan Williams 0-0: Ball
Pablo Valentín is caught stealing 2nd base
1-0: Foul Ball, location: 2F
1-1: Foul Ball, location: 2F
1-2: Strikes out swinging
Bottom of the 1st over - 0 run(s), 0 hit(s), 0 error(s), 0 left on base; Washington State 0 - Clemson 0
TOP OF THE 2ND
Washington State Cougars batting - Pitching for Clemson Tigers : LHP Ken Johnston
Batting: RHB Keith Ivey 0-0: Called Strike
0-1: Ball
1-1: Ball
2-1: Called Strike
2-2: Strikes out looking
Batting: RHB Enrique Cruz 0-0: Called Strike
0-1: Called Strike
0-2: Ball
1-2: Strikes out looking
Batting: RHB Víctor Ocampo 0-0: Called Strike
0-1: Foul Ball, location: 2F
0-2: Foul Ball, location: 2F
0-2: Strikes out swinging
Top of the 2nd over - 0 run(s), 0 hit(s), 0 error(s), 0 left on base; Washington State 0 - Clemson 0
BOTTOM OF THE 2ND
Clemson Tigers batting - Pitching for Washington State Cougars : RHP Jesús López
Batting: LHB Edward Rose 0-0: Called Strike
0-1: SINGLE (Flyball, 8LS)
Batting: RHB Joseph Forrest 0-0: Foul Ball, location: 2F
0-1: Called Strike
0-2: Foul Ball, location: 2F
0-2: Ball
1-2: SINGLE (Flyball, 89S)
Edward Rose to second
Runner from 2nd tries for 3rd, SAFE, throw made to third
Batting: RHB Keith Webb 0-0: Ball
1-0: SINGLE (Line Drive, 7LS)
Edward Rose scores
Joseph Forrest to second
Batting: RHB Leonard Harris 0-0: Ball
1-0: Called Strike
1-1: SINGLE (Flyball, 6D)
Joseph Forrest to third
Keith Webb to second
Batting: RHB Lee Adams 0-0: Fly out, F9 (Flyball, 9M)
Runner from 3rd tags up, SCORES, no throw
Batting: LHB Burt Ward 0-0: SINGLE (Line Drive, 6D)
Keith Webb to third
Leonard Harris to second
Batting: RHB Pablo Valentín 0-0: Called Strike
0-1: Ball
1-1: Swinging Strike
1-2: Ball
2-2: Ball
3-2: GRAND SLAM HOME RUN (Flyball, 7D), Distance : 351 ft
Batting: RHB James Taylor 0-0: Called Strike
0-1: Foul Ball, location: 2F
0-2: Ball
1-2: Ball
2-2: Foul Ball, location: 2F
2-2: Fly out, F6 (Popup, 4M)
Batting: RHB Jonathan Williams 0-0: SINGLE (Line Drive, 8RS)
Batting: LHB Edward Rose 0-0: Foul Ball, location: 2F
0-1: Called Strike
0-2: Foul Ball, location: 2F
0-2: SINGLE (Line Drive, 34)
Jonathan Williams to second
Batting: RHB Joseph Forrest 0-0: Ball
1-0: Ball
2-0: Ball
3-0: Called Strike
3-1: Swinging Strike
3-2: Strikes out swinging
Bottom of the 2nd over - 6 run(s), 8 hit(s), 0 error(s), 2 left on base; Washington State 0 - Clemson 6
TOP OF THE 3RD
Washington State Cougars batting - Pitching for Clemson Tigers : LHP Ken Johnston
Batting: RHB Jesús Domínguez 0-0: Foul Ball, location: 2F
0-1: Ball
1-1: Foul Ball, location: 2F
1-2: Ball
2-2: Foul Ball, location: 2F
2-2: Foul Ball, location: 2F
2-2: Foul Ball, location: 2F
2-2: Strikes out looking
Batting: RHB Rich Miles 0-0: Called Strike
0-1: Foul Ball, location: 2F
0-2: Strikes out swinging
Batting: RHB Thomas Bowman 0-0: Foul Ball, location: 2F
0-1: SINGLE (Line Drive, 34D)
Batting: LHB Roberto Lozano 0-0: Ball
1-0: Swinging Strike
1-1: Foul Ball, location: 2F
1-2: Fly out, F7 (Flyball, 7D)
Top of the 3rd over - 0 run(s), 1 hit(s), 0 error(s), 1 left on base; Washington State 0 - Clemson 6
BOTTOM OF THE 3RD
Clemson Tigers batting - Pitching for Washington State Cougars : RHP Jesús López
Batting: RHB Keith Webb 0-0: Ball
1-0: Foul Ball, location: 2F
1-1: Swinging Strike
1-2: Strikes out swinging
Batting: RHB Leonard Harris 0-0: Ball
1-0: Ground out 4-3 (Groundball, 4)
Batting: RHB Lee Adams 0-0: Foul Ball, location: 2F
0-1: Ball
1-1: Ball
2-1: Called Strike
2-2: Ball
3-2: Foul Ball, location: 2F
3-2: Base on Balls
Batting: LHB Burt Ward 0-0: Ball
Lee Adams steals 2nd base
1-0: Called Strike
1-1: Ball
2-1: Ball
3-1: Called Strike
3-2: SINGLE (Line Drive, 6M)
Lee Adams to third
Lee Adams scores
Batting: RHB Pablo Valentín 0-0: Ball
1-0: Foul Ball, location: 2F
1-1: Reached on error, E5 (Groundball, 5)
Burt Ward to second
Batting: RHB James Taylor 0-0: Ball
1-0: Ground out 5-3 (Groundball, 56S)
Bottom of the 3rd over - 1 run(s), 1 hit(s), 1 error(s), 2 left on base; Washington State 0 - Clemson 7
TOP OF THE 4TH
Washington State Cougars batting - Pitching for Clemson Tigers : LHP Ken Johnston
Batting: RHB Jayson Clark 0-0: Called Strike
0-1: Swinging Strike
0-2: Ground out 5-3 (Groundball, 56)
Batting: RHB José Velázquez 0-0: Ball
1-0: SOLO HOME RUN (Flyball, 9LD), Distance : 333 ft
Batting: RHB Keith Ivey 0-0: Called Strike
0-1: Ball
1-1: Ball
2-1: Foul Ball, location: 2F
2-2: Foul Ball, location: 2F
2-2: Ball
3-2: Strikes out swinging
Batting: RHB Enrique Cruz 0-0: Called Strike
0-1: Called Strike
0-2: Ball
1-2: Strikes out swinging
Top of the 4th over - 1 run(s), 1 hit(s), 0 error(s), 0 left on base; Washington State 1 - Clemson 7
BOTTOM OF THE 4TH
Clemson Tigers batting - Pitching for Washington State Cougars : RHP Jesús López
Pitching: LHP Alonso Parrish
Batting: RHB Jonathan Williams 0-0: Called Strike
0-1: Swinging Strike
0-2: SINGLE (Groundball, 6M)
Batting: LHB Edward Rose 0-0: SINGLE (Groundball, 4MD)
Jonathan Williams to second
Batting: RHB Joseph Forrest 0-0: Called Strike
0-1: Swinging Strike
0-2: Ball
1-2: Strikes out swinging
Batting: RHB Keith Webb 0-0: Ball
1-0: Ball
2-0: Ball
3-0: Called Strike
3-1: SINGLE (Groundball, 4MD)
Jonathan Williams to third
Edward Rose to second
Batting: RHB Leonard Harris 0-0: Ball
1-0: Hit by Pitch
Jonathan Williams scores
Edward Rose to third
Keith Webb to second
Batting: RHB Lee Adams 0-0: Called Strike
0-1: Foul Ball, location: 2F
0-2: Ball
1-2: Strikes out looking
Batting: LHB Burt Ward 0-0: Foul Ball, location: 2F
0-1: Swinging Strike
0-2: SINGLE (Line Drive, 8LS)
Edward Rose scores
Keith Webb to third
Leonard Harris to second
Batting: RHB Pablo Valentín 0-0: Called Strike
0-1: Swinging Strike
0-2: Ball
1-2: Foul Ball, location: 2F
1-2: Foul Ball, location: 2F
1-2: Strikes out swinging
Bottom of the 4th over - 2 run(s), 4 hit(s), 0 error(s), 3 left on base; Washington State 1 - Clemson 9
TOP OF THE 5TH
Washington State Cougars batting - Pitching for Clemson Tigers : LHP Ken Johnston
Batting: RHB Víctor Ocampo 0-0: Called Strike
0-1: Called Strike
0-2: Strikes out swinging
Batting: RHB Jesús Domínguez 0-0: Swinging Strike
0-1: Ball
1-1: Ball
2-1: Swinging Strike
2-2: Strikes out looking
Batting: RHB Rich Miles 0-0: Ball
1-0: Foul Ball, location: 2F
1-1: Foul Ball, location: 2F
1-2: Strikes out looking
Top of the 5th over - 0 run(s), 0 hit(s), 0 error(s), 0 left on base; Washington State 1 - Clemson 9
BOTTOM OF THE 5TH
Clemson Tigers batting - Pitching for Washington State Cougars : LHP Alonso Parrish
Batting: RHB James Taylor 0-0: Ball
1-0: Called Strike
1-1: Ball
2-1: Foul Ball, location: 2F
2-2: Strikes out looking
Batting: RHB Jonathan Williams 0-0: Called Strike
0-1: Ball
1-1: Ball
2-1: Ball
3-1: Swinging Strike
3-2: Strikes out swinging
Batting: LHB Edward Rose 0-0: Ball
1-0: Called Strike
1-1: Ground out 6-3 (Groundball, 6M)
Bottom of the 5th over - 0 run(s), 0 hit(s), 0 error(s), 0 left on base; Washington State 1 - Clemson 9
TOP OF THE 6TH
Washington State Cougars batting - Pitching for Clemson Tigers : LHP Ken Johnston
Batting: RHB Thomas Bowman 0-0: Called Strike
0-1: Foul Ball, location: 2F
0-2: Foul Ball, location: 2F
0-2: Ball
1-2: Strikes out swinging
Batting: LHB Roberto Lozano 0-0: Ball
1-0: Ball
2-0: Swinging Strike
2-1: Foul Ball, location: 2F
2-2: Fly out, F8 (Flyball, 8RS)
Batting: RHB Jayson Clark 0-0: Ball
1-0: Ball
2-0: Called Strike
2-1: Ball
3-1: SINGLE (Line Drive, 4D)
Pitching: RHP Corey May
Batting: RHB José Velázquez 0-0: Ball
1-0: Called Strike
1-1: Fielders Choice at 2nd, U6 (Groundball, 6M)
Top of the 6th over - 0 run(s), 1 hit(s), 0 error(s), 1 left on base; Washington State 1 - Clemson 9
BOTTOM OF THE 6TH
Clemson Tigers batting - Pitching for Washington State Cougars : LHP Alonso Parrish
Batting: RHB Joseph Forrest 0-0: Called Strike
0-1: Swinging Strike
0-2: Strikes out swinging
Batting: RHB Keith Webb 0-0: Called Strike
0-1: Swinging Strike
0-2: Ball
1-2: Foul Ball, location: 2F
1-2: Strikes out looking
Batting: RHB Leonard Harris 0-0: Foul Ball, location: 2F
0-1: Ball
1-1: Fly out, F3 (Popup, 3SF)
Bottom of the 6th over - 0 run(s), 0 hit(s), 0 error(s), 0 left on base; Washington State 1 - Clemson 9
TOP OF THE 7TH
Washington State Cougars batting - Pitching for Clemson Tigers : RHP Corey May
Batting: RHB Keith Ivey 0-0: Ball
1-0: Ball
2-0: Ball
3-0: Called Strike
3-1: Base on Balls
Batting: RHB Enrique Cruz 0-0: Ball
1-0: SINGLE (Groundball, 56D)
Keith Ivey to second
Batting: RHB Víctor Ocampo 0-0: Ball
1-0: Ball
2-0: Ball
3-0: Called Strike
3-1: Base on Balls
Keith Ivey to third
Enrique Cruz to second
Batting: RHB Jesús Domínguez 0-0: Fly out, F9 (Line Drive, 89S)
Batting: RHB Rich Miles 0-0: Called Strike
0-1: Called Strike
0-2: Foul Ball, location: 2F
0-2: Ball
1-2: Ball
2-2: Strikes out looking
Batting: RHB Thomas Bowman 0-0: Called Strike
0-1: SINGLE (Line Drive, 89M)
Keith Ivey scores
Enrique Cruz to third
Víctor Ocampo to second
Runner from 3rd tries for Home, SAFE, no throw or cutoff
Batting: LHB Roberto Lozano 0-0: Called Strike
0-1: Foul Ball, location: 2F
0-2: SINGLE (Groundball, 5D)
Víctor Ocampo to third
Thomas Bowman to second
Runner from 3rd tries for Home, SAFE, no throw or cutoff
Batting: RHB Jayson Clark 0-0: Ball
1-0: Swinging Strike
1-1: Called Strike
1-2: Foul Ball, location: 2F
1-2: Strikes out swinging
Top of the 7th over - 3 run(s), 3 hit(s), 0 error(s), 2 left on base; Washington State 4 - Clemson 9
BOTTOM OF THE 7TH
Clemson Tigers batting - Pitching for Washington State Cougars : LHP Alonso Parrish
Pitching: RHP Allan Dotson
Batting: RHB Lee Adams 0-0: Foul Ball, location: 2F
0-1: Swinging Strike
0-2: Foul Ball, location: 2F
0-2: Fly out, F9 (Line Drive, 89M)
Batting: LHB Burt Ward 0-0: Ball
1-0: Ball
2-0: Ball
3-0: Base on Balls
Batting: RHB Pablo Valentín 0-0: Ball
Burt Ward is caught stealing 2nd base
1-0: Ball
2-0: Ball
3-0: Base on Balls
Batting: RHB James Taylor 0-0: Ball
1-0: Ball
2-0: Called Strike
Pablo Valentín steals 2nd base
2-1: Ground out 4-3 (Groundball, 4)
Bottom of the 7th over - 0 run(s), 0 hit(s), 0 error(s), 1 left on base; Washington State 4 - Clemson 9
TOP OF THE 8TH
Washington State Cougars batting - Pitching for Clemson Tigers : RHP Corey May
Batting: RHB José Velázquez 0-0: Called Strike
0-1: Ball
1-1: Ball
2-1: Foul Ball, location: 2F
2-2: Foul Ball, location: 2F
2-2: Fly out, F7 (Flyball, 7LM)
Batting: RHB Keith Ivey 0-0: Swinging Strike
0-1: Ball
1-1: Foul Ball, location: 2F
1-2: Ball
2-2: Foul Ball, location: 2F
2-2: Strikes out swinging
Pitching: RHP José Limón
Batting: RHB Enrique Cruz 0-0: Called Strike
0-1: SINGLE (Line Drive, 4D)
Batting: RHB Víctor Ocampo 0-0: Called Strike
0-1: Ball
1-1: Foul Ball, location: 2F
1-2: Fly out, F8 (Flyball, 8RM)
Top of the 8th over - 0 run(s), 1 hit(s), 0 error(s), 1 left on base; Washington State 4 - Clemson 9
BOTTOM OF THE 8TH
Clemson Tigers batting - Pitching for Washington State Cougars : RHP Allan Dotson
Batting: RHB Jonathan Williams 0-0: Ball
1-0: SINGLE (Groundball, 56D)
Batting: LHB Edward Rose 0-0: Called Strike
0-1: Ball
1-1: SINGLE (Flyball, 4D)
Jonathan Williams to second
Runner from 2nd tries for 3rd, SAFE, throw made to third
Edward Rose to second
Batting: RHB Joseph Forrest 0-0: Ball
1-0: Fly out, F9 (Line Drive, 89M)
Runner from 3rd tags up, SCORES, throw made
Batting: RHB Keith Webb 0-0: Foul Ball, location: 2F
0-1: Foul Ball, location: 2F
0-2: Ground out 5-3 (Groundball, 56S)
Edward Rose to third
Batting: RHB Leonard Harris 0-0: Ball
1-0: Foul Ball, location: 2F
1-1: Swinging Strike
1-2: Ball
2-2: Fly out, F7 (Flyball, 7M)
Bottom of the 8th over - 1 run(s), 2 hit(s), 0 error(s), 1 left on base; Washington State 4 - Clemson 10
TOP OF THE 9TH
Washington State Cougars batting - Pitching for Clemson Tigers : RHP José Limón
Now at C: Alejandro Flores
Now in RF: Ralph Jackson
Batting: RHB Jesús Domínguez 0-0: Ball
1-0: Foul Ball, location: 2F
1-1: Ball
2-1: Ball
3-1: Foul Ball, location: 2F
3-2: Strikes out swinging
Batting: RHB Rich Miles 0-0: Ball
1-0: Ball
2-0: Ball
3-0: Called Strike
3-1: Called Strike
3-2: Strikes out looking
Batting: RHB Thomas Bowman 0-0: Called Strike
0-1: Ball
1-1: Ball
2-1: Foul Ball, location: 2F
2-2: Ball
3-2: Base on Balls
Batting: LHB Roberto Lozano 0-0: Foul Ball, location: 2F
0-1: Ball
1-1: Ground out 4-3 (Groundball, 4)
Top of the 9th over - 0 run(s), 0 hit(s), 0 error(s), 1 left on base; Washington State 4 - Clemson 10
This league is powered by Out of the Park Baseball, the baseball management simulation game for PC, Mac and Linux
Saturday, April 9th, 2016 - OOTP Baseball 16.8 Build 38